 Dungeon Crawl Stone Soup version 0.28-a0-662-g1651b1f1e0 (webtiles) character file.

Game seed: 14472496916924158805

1333 Irenicus the Geomancer (level 8, -4/62 HPs)
             Began as a Deep Dwarf Earth Elementalist on Oct 14, 2021.
             Slain by an ogre (13 damage)
             ... on level 6 of the Dungeon.
             The game lasted 00:08:05 (1090 turns).

Irenicus the Geomancer (DDEE)                       Turns: 1090, Time: 00:08:06

Health: -4/62      AC:  4    Str: 13    XL:     8   Next: 34%
Magic:  4/10       EV: 12    Int: 17    God:
Gold:   202        SH:  0    Dex: 13    Spells: 4/10 levels left

rFire   . . .      SeeInvis .   f - +0 long sword (vamp)
rCold   . . .      Faith    .   (no shield)
rNeg    . . .      Spirit   .   d - +0 leather armour
rPois   .          Reflect  .   (no helmet)
rElec   .          Harm     .   h - +0 cloak
rCorr   +          Rampage  .   (no gloves)
Will    +....                   (no boots)
Stlth   ++........              (no amulet)
HPRegen 0.00/turn               R - ring of resist corrosion
MPRegen 0.12/turn               (no ring)

@: no status effects
A: damage resistance, heal wounds, sense surroundings 1, no regeneration
a: Heal Wounds


You were on level 6 of the Dungeon.
You visited 1 branch of the dungeon, and saw 6 of its levels.

You collected 202 gold pieces.


Innate Abilities, Weirdness & Mutations

You are resistant to damage.
You can heal yourself by infusing magical energy.
You passively map a small area around you.
You do not regenerate.


   Skills:
 - Level 2.1 Dodging
 - Level 2.4 Stealth
 - Level 1.7 Spellcasting
 - Level 0.8 Transmutations
 + Level 13.7 Earth Magic


You had 4 spell levels left.
You knew the following spells:

 Your Spells              Type           Power      Damage    Failure   Level
t - Stone Arrow           Conj/Erth      48%        3d10      4%          3
w - Passwall              Tmut/Erth      21%        N/A       1%          2
z - Sandblast             Erth           96%        2d20      1%          1

Your spell library contained the following spells:

 Spells                   Type           Power      Damage    Failure   Level
 Petrify                  Tmut/Erth      26%        N/A       13%         4

Inventory:

Hand Weapons
 a - a +0 rapier
 f - a +0 vampiric long sword (weapon)
Missiles
 c - 22 stones
 r - 14 poisoned darts
Armour
 b - a +0 robe
 d - a +0 leather armour (worn)
 h - a +0 cloak (worn)
Magical Staves
 k - a staff of earth {!a}
Jewellery
 g - an amulet of faith {!P}
 R - a ring of resist corrosion (left hand)
Wands
 s - a wand of paralysis (10)
Scrolls
 e - 2 scrolls of blinking
 i - 4 scrolls of brand weapon {unknown}
 m - a scroll of enchant weapon {unknown}
 n - a scroll of amnesia
 p - a scroll of enchant armour {unknown}
 q - a scroll of noise {unknown}
Potions
 j - 3 potions of haste {@q3}
 l - a potion of attraction
 o - a potion of lignification
 t - 2 potions of might {unknown}
 u - a potion of mutation {unknown}

Dungeon Overview and Level Annotations

Branches:
Dungeon (6/15)
 Temple: D:4-7

Altars:
Elyvilon
Hepliaklqana
Okawaru
Vehumet

Annotations:
D:5 3 runed translucent doors, p0werm0de's ghost, novice MiCK

** * # , .# #.###.#
#.#.#.# *** *
#####.#.#.# ########
.....!..#.#####
#......# , ,
#....#.#...###......#
.##...@#.#.............
.......O..+...
.#......# *
...##.#.#.#..
#.#....... . ,
#...#.#.# #......... *
, ...#...#'####.....[..
.......##.......###....
.......##.........#....
.......##.........#....
, .......
#.........#....


You could see an ogre.


Message History

u - a glowing inky potion The ogre shouts!
Casting: Sandblast (safe; 1% risk of failure)
Confirm with . or Enter, or press ? or * to list all spells.
Aiming: Stone Arrow (dangerous; 4% risk of failure)
Press: ? - help, Shift-Dir - straight line, f - ogre
Aim: an ogre, wielding a +0 giant club (86% to hit)
The stone arrow hits the ogre!!
The ogre is severely wounded.
Casting: Stone Arrow (dangerous; 4% risk of failure)
Confirm with . or Enter, or press ? or * to list all spells.
Aiming: Stone Arrow (dangerous; 4% risk of failure)
Press: ? - help, Shift-Dir - straight line, f/p - ogre
Aim: an ogre, wielding a +0 giant club (severely wounded, 86% to hit)
The stone arrow hits the ogre!
The ogre is almost dead.
You barely miss the ogre.
The ogre is almost dead.
The ogre hits you with a +0 giant club!!
* * * LOW HITPOINT WARNING * * *
Casting: Stone Arrow (dangerous; 4% risk of failure)
Confirm with . or Enter, or press ? or * to list all spells.
Aiming: Sandblast (safe; 1% risk of failure)
Press: ? - help, Shift-Dir - straight line, f/p - ogre
Aim: an ogre, wielding a +0 giant club (almost dead, 92% to hit)
Okay, then.
You hit the ogre.
You feel better.
The ogre is almost dead.
The ogre hits you with a +0 giant club!
You die...

Skill      XL: |  1  2  3  4  5  6  7 |
---------------+----------------------+-----
Earth Magic    | 5 7 9 10 13 | 13.7
Dodging        | |  2.1
Stealth        | |  2.4
Spellcasting   | |  1.7
Transmutations | |  0.8

Action                   |  1- 3 |  4- 6 |  7- 9 || total
-------------------------+-------+-------+-------++-------
Melee: Rapier            |     9 |     2 |       ||    11
       Long sword        |       |     8 |    11 ||    19
 Cast: Sandblast         |    21 |    20 |    21 ||    62
       Stone Arrow       |       |       |     2 ||     2
 Abil: Heal Wounds       |     1 |       |       ||     1
  Use: Potion            |     2 |       |       ||     2
       Scroll            |       |       |     6 ||     6
 Stab: Sleeping          |     1 |     1 |       ||     2
Armor: Leather armour    |     2 |     4 |     5 ||    11
Dodge: Dodged            |     9 |    14 |    10 ||    33

Levels and vault maps discovered:
D:1:      dpeg_arrival_water_fire, layout_basic
D:2:      layout_basic, serial_shops, nicolae_lakefront_shop,
          ebering_ecumenical_altar_box
D:3:      layout_loops_ring, okawaru_trees_2, minmay_overflow_temple_star_quad,
          chequers_decorated_corner
D:4:      layout_loops_ring, serial_undead, serial_undead_e, serial_undead_e,
          serial_undead_b, serial_undead_d, serial_undead_d, serial_undead_b,
          uniq_natasha, uniq_sigmund, uniq_blork_the_orc
D:5:      layout_rooms, gammafunk_ghost_nasty_kobolds, nrook_mini_backslash,
          eino_curves_01
D:6:      layout_basic, chequers_mini_garden, uniq_pikel, uniq_edmund

Notes
Turn   | Place    | Note
-------+----------+-------------------------------------------
     0 | D:1      | Irenicus the Deep Dwarf Earth Elementalist began the quest
                  | for the Orb.
     0 | D:1      | Reached XP level 1. HP: 15/15 MP: 3/3
   103 | D:3      | Found an iron altar of Okawaru.
   246 | D:3      | Found a radiant altar of Vehumet.
   252 | D:3      | Found a white marble altar of Elyvilon.
   266 | D:3      | Found a hazy altar of Hepliaklqana.
   335 | D:4      | Reached XP level 2. HP: 19/22 MP: 2/4
   387 | D:4      | Reached skill level 5 in Earth Magic
   387 | D:4      | Reached XP level 3. HP: 15/28 MP: 0/5
   440 | D:4      | Reached skill level 6 in Earth Magic
   477 | D:4      | Noticed Blork the orc
   490 | D:4      | Killed Blork the orc
   491 | D:4      | Reached skill level 7 in Earth Magic
   491 | D:4      | Reached XP level 4. HP: 22/36 MP: 1/6
   537 | D:4      | Noticed Natasha
   540 | D:4      | Killed Natasha
   541 | D:4      | Reached XP level 5. HP: 26/42 MP: 1/7
   546 | D:4      | Noticed Sigmund
   561 | D:4      | Killed Sigmund
   562 | D:4      | Reached skill level 9 in Earth Magic
   562 | D:4      | Reached XP level 6. HP: 18/49 MP: 0/8
   600 | D:5      | Entered Level 5 of the Dungeon
   631 | D:5      | Noticed a sky beast
   640 | D:5      | Killed a sky beast
   641 | D:5      | Reached skill level 10 in Earth Magic
   656 | D:5      | Found a runed translucent gate.
   656 | D:5      | Found a runed translucent gate.
   656 | D:5      | Found a runed translucent gate.
   658 | D:5      | Noticed p0werm0de's ghost (novice MiCK)
   671 | D:5      | Reached XP level 7. HP: 23/55 MP: 0/9
   706 | D:5      | Identified a scroll of acquirement
   706 | D:5      | Acquired a staff of earth
   750 | D:5      | Reached skill level 11 in Earth Magic
   915 | D:6      | Noticed Pikel
   932 | D:6      | Killed Pikel
   933 | D:6      | Reached skill level 13 in Earth Magic
   933 | D:6      | Reached XP level 8. HP: 25/62 MP: 3/10
   961 | D:6      | Learned a level 2 spell: Passwall
   965 | D:6      | Learned a level 3 spell: Stone Arrow
  1090 | D:6      | Slain by an ogre

Vanquished Creatures
  Pikel (D:6)
  Sigmund (D:4)
  A sky beast (D:5)
  A black bear (D:6)
  2 phantoms (D:5)
  Blork the orc (D:4)
  A bullfrog (D:6)
  A water moccasin zombie (D:5)
  A howler monkey (D:6)
  A bullfrog zombie (D:5)
  A bullfrog skeleton (D:5)
  A scorpion zombie (D:4)
  Natasha (D:4)
  An iguana (D:6)
  A howler monkey zombie (D:4)
  A howler monkey skeleton (D:5)
  2 adders (D:5)
  A white imp (D:6)
  An adder skeleton (D:4)
  A worm (D:4)
  2 dart slugs
  An orc (D:5)
  An endoplasm (D:2)
  A hobgoblin (D:4)
  A ball python (D:4)
  A kobold (D:3)
  2 quokka zombies (D:4)
  2 rats (D:2)
33 creatures vanquished.

Table legend: (Time is in decaauts)
 A = Elapsed time spent in this place.
 B = Non-inter-level travel time spent in this place.
 C = Inter-level travel time spent in this place.
 D = Time resting spent in this place.
 E = Time spent auto-exploring this place.
 F = Levels seen in this place.
 G = Mean time per level.
                   A        B        C        D        E       F      G
               +--------+--------+--------+--------+--------+-----+--------+
         Total |   1100 |   1100 |      0 |      0 |      0 |   6 |  183.3 |
       Dungeon |   1100 |   1100 |      0 |      0 |      0 |   6 |  183.3 |
               +--------+--------+--------+--------+--------+-----+--------+

Top non-repeatable levels by time:
     D:4: 305 daAuts
     D:6: 269 daAuts
     D:3: 226 daAuts
     D:5: 225 daAuts
     D:2: 67 daAuts
     D:1: 6 daAuts

Table legend:
 A = Non-vault XP
 B = Vault XP
 C = Vault XP percentage of total XP
 D = Non-vault monster count
 E = Vault monster count
 F = Vault count percentage of total count
                 A         B        C        D         E       F
            +---------+---------+-------+---------+---------+-------
      Total |     899 |    1006 |  52.8 |      24 |       9 |  27.3
            +---------+---------+-------+---------+---------+-------
        D:2 |       8 |       0 |   0.0 |       4 |       0 |   0.0
        D:3 |       1 |       0 |   0.0 |       1 |       0 |   0.0
        D:4 |      12 |     413 |  97.2 |       4 |       8 |  66.7
        D:5 |     556 |       0 |   0.0 |      10 |       0 |   0.0
        D:6 |     322 |     593 |  64.8 |       5 |       1 |  16.7
            +---------+---------+-------+---------+---------+-------
